 Dungeon Crawl Stone Soup version 0.32-a0-841-g4648e6c457 (webtiles) character file.

Game seed: 14716245987553338786

3054 Khors the Cleaver (level 9, 0/68 HPs)
             Began as a Coglin Berserker on Mar 27, 2024.
             Was an Elder of Trog.
             Succumbed to a killer bee's poison
             ... on level 6 of the Dungeon.
             The game lasted 00:06:55 (5892 turns).

Khors the Cleaver (Coglin Berserker)                Turns: 5892, Time: 00:06:56

Health: 0/68       AC: 10    Str: 21    XL:     9   Next: 87%
Magic:  9/9        EV:  8    Int:  7    God:    Trog [****..]
Gold:   361        SH:  0    Dex: 14    Spells: 8/8 levels left

rFire   + . .        u - +0 whip (elec) {Tepiltzin}
rCold   + . .        k - +0 dagger (venom) {Ferran}
rNeg    . . .        g - +0 chain mail
rPois   .            B - +0 helmet
rElec   .            y - scarf {rC+ rF+}
rCorr   .            (no gloves)
SInv    .            (no boots)
Will    .....        (amulet unavailable) Stlth
                     (ring unavailable)
HPRegen 0.31/turn    (ring unavailable)
MPRegen 0.11/turn    (no gizmo)

%: no passive effects
@: lethally poisoned (0 -> -17)
A: off-hand wielding, slow wielding, warmup strikes, no jewellery
a: Invent Gizmo, Renounce Religion, Berserk, Trog's Hand, Brothers in Arms


You were on level 6 of the Dungeon.
You worshipped Trog.
Trog was greatly pleased with you.
You visited 2 branches of the dungeon, and saw 8 of its levels.

You collected 361 gold pieces.

Inventory:

Hand Weapons
 a - a +0 hand axe {Saranna}
 i - a +0 dagger {Juhanna}
 k - a +0 dagger of venom (offhand) {Ferran}
 r - a +2 mace of venom {Shunnar}
 u - a +0 whip of electrocution (weapon) {Tepiltzin}
Armour
 g - a +0 chain mail (worn)
 w - a +0 cloak
 y - a scarf of resistance (worn)
 B - a +0 helmet (worn)
Wands
 c - a wand of acid (5)
 s - a wand of polymorph (4)
 t - a wand of warping (7)
Scrolls
 d - a scroll of revelation {@r5}
 f - a scroll of immolation
 l - a scroll of enchant weapon
 n - 2 scrolls of teleportation {@r3}
 q - a scroll of fog {@r2}
 x - 2 scrolls of amnesia
 E - a scroll of blinking {@r4}
Potions
 b - 2 potions of magic {unknown}
 e - a potion of haste {unknown}
 h - a potion of might {unknown}
 j - 4 potions of curing {unknown}
 m - a potion of enlightenment {unknown}
 o - a potion of brilliance {unknown}
 p - 3 potions of heal wounds {unknown}
 v - a potion of lignification {unknown}
 z - a potion of cancellation {unknown}
 A - a potion of mutation {unknown}
 C - a potion of invisibility {unknown}
 D - a potion of resistance {unknown}


   Skills:
 + Level 5.6 Fighting
 * Level 12.0 Axes
 + Level 4.6 Armour
 - Level 1.7 Dodging


You had 8 spell levels left.
You didn't know any spells.
Your spell library was empty.

Dungeon Overview and Level Annotations

Branches:
Dungeon (7/15)             Temple (1/1) D:4

Altars:
Ashenzari
Cheibriados
Dithmenos
Elyvilon
Fedhas
Gozag
Hepliaklqana
Kikubaaqudgha
Makhleb
Nemelex Xobeh
Okawaru
Qazlal
Ru
Sif Muna
Trog
Uskayaw
Vehumet
Wu Jian
Xom
Yredelemnul
Zin


Innate Abilities, Weirdness & Mutations

You can wield a second weapon in your off-hand.
It takes a long time for you to wield or remove held weapons.
Your first few attacks do less damage.
You cannot equip rings or amulets.


Message History

The killer bee stings you.
You are more poisoned.
The killer bee poisons you! The killer bee barely misses you.
The killer bee stings you.
Your Axes skill increases to level 12!
You are too injured to fight recklessly!
Unknown command.
You feel extremely sick. The killer bee closely misses you.
The killer bee barely misses you. x2
The killer bee stings you.
You are more poisoned.
The killer bee poisons you!
The killer bee stings you but does no damage.
There is an open door here.
You feel very sick. The killer bee stings you.
You are more poisoned.
The killer bee poisons you!
Aiming: Warp Space
Press: ? - help, Q - select action, (/) - cycle Shift-Dir - straight line
Okay, then.
Aiming: Corrosive Bolt
Press: ? - help, Q - select action, (/) - cycle Shift-Dir - straight line, f - killer bee
Aim: a killer bee (43% to hit)
The bolt of acid misses the killer bee. x2
* * * LOW HITPOINT WARNING * * *
You feel extremely sick.
The killer bee stings you but does no damage.
The howler monkey hoots and howls with incredible vigour!
The killer bee stings you but does no damage.
Blink to where?
Press: ? - help, Q - select action, (/) - cycle Dir - move target, p - killer bee
As you read the scroll of blinking {@r4}, it crumbles to dust.
* * * LOW HITPOINT WARNING * * *
You feel very sick.
* * * LOW HITPOINT WARNING * * *
You feel very sick.
The howler monkey hoots and howls with incredible vigour!
You climb upwards.
You die...

###.#............................
#.#...............####.........
#.#.#.....###.#.#..#...........
#......#........##...#.........
####.....).............†.........
......###.............#.#).......
......# ###........##...#####....
......# #........####.#$#.#....
.....## #.....@..# #.#$#.'....
.....######........# ##.#$#.#....
(#.#...............# #..#$#○#....
.#......###....##### #..#$#○#....
#.#..##......### #####..#§#.#....
#.#...###.##.#####......#§#.#....
...................###.##.#°#....
...................# #.##.#○#....
....#.##<##........# #.##.#○#....


There were no monsters in sight!

Vanquished Creatures
  Pikel (D:4)
  Grinder (D:6)
  The ghost of Mll the Trooper, an amateur MiFi (D:4)
  2 steam dragons (D:7)
  An ice beast (D:5)
  2 black bears (D:5)
  An ogre (D:6)
  A centaur (D:6)
  2 lemures (D:4)
  2 kobold brigands (D:7)
  3 phantoms
  3 bullfrogs
  2 scorpions (D:5)
  A howler monkey (D:7)
  2 orc priests
  Crazy Yiuf (D:4)
  2 gnoll boudas (D:5)
  3 hounds
  2 sleepcaps
  Ijyb (D:4)
  6 iguanas
  4 orc wizards
  13 gnolls
  4 adders
  A white imp (D:5)
  An ufetubus (D:6)
  3 dart slugs
  2 ribbon worms
  18 orcs
  3 endoplasms
  6 giant cockroaches
  11 goblins
  7 hobgoblins
  16 kobolds
  6 quokkas
  6 ball pythons
  6 bats
  4 frilled lizards (D:1)
  5 rats
156 creatures vanquished.

Vanquished Creatures (others)
  An ufetubus (D:6)
1 creature vanquished.

Grand Total: 157 creatures vanquished

Notes
Turn   | Place    | Note
-------+----------+-------------------------------------------
     0 | D:1      | Khors the Coglin Berserker began the quest for the Orb.
     0 | D:1      | Reached XP level 1. HP: 18/18 MP: 1/1
   115 | D:1      | Reached XP level 2. HP: 13/24 MP: 2/2
   347 | D:1      | Reached skill level 4 in Axes
   462 | D:1      | Reached XP level 3. HP: 28/29 MP: 3/3
   923 | D:2      | Reached ** piety under Trog
   924 | D:2      | Reached XP level 4. HP: 5/35 MP: 4/4
  1233 | D:2      | Reached skill level 5 in Axes
  1483 | D:3      | Reached XP level 5. HP: 36/41 MP: 5/5
  1587 | D:3      | Reached skill level 6 in Axes
  2083 | D:4      | Noticed Ijyb
  2090 | D:4      | Killed Ijyb
  2091 | D:4      | Reached XP level 6. HP: 47/47 MP: 6/6
  2126 | D:4      | Found a runed translucent door.
  2154 | D:4      | Noticed Mll's ghost (amateur MiFi)
  2317 | D:4      | Noticed Pikel
  2342 | D:4      | Killed Pikel
  2342 | D:4      | Reached *** piety under Trog
  2343 | D:4      | Reached skill level 8 in Axes
  2343 | D:4      | Reached XP level 7. HP: 11/52 MP: 7/7
  2629 | D:4      | Found a staircase to the Ecumenical Temple.
  2692 | D:4      | Reached skill level 9 in Axes
  2727 | D:4      | Found a snail-covered altar of Cheibriados.
  2935 | D:4      | Found a runed translucent door.
  2936 | D:4      | Noticed Crazy Yiuf
  2944 | D:4      | Killed Crazy Yiuf
  3062 | Temple   | Found a transporter.
  3062 | Temple   | Found a transporter.
  3062 | Temple   | Found a transporter.
  3062 | Temple   | Found a transporter.
  3062 | Temple   | Entered the Ecumenical Temple
  3124 | D:4      | Killed Mll's ghost
  3125 | D:4      | Reached XP level 8. HP: 58/58 MP: 8/8
  3162 | D:5      | Entered Level 5 of the Dungeon
  3185 | D:5      | Reached skill level 10 in Axes
  4163 | D:5      | Reached XP level 9. HP: 65/65 MP: 9/9
  4185 | D:5      | Found a stormy altar of Qazlal.
  4347 | D:6      | Noticed Grinder
  4517 | D:6      | Reached skill level 11 in Axes
  5035 | D:6      | Paralysed by Grinder for 4 turns
  5051 | D:6      | Killed Grinder
  5225 | D:6      | Reached skill level 5 in Fighting
  5562 | D:7      | Reached **** piety under Trog
  5590 | D:7      | Found a shimmering blue altar of Sif Muna.
  5591 | D:7      | Found a white marble altar of Elyvilon.
  5593 | D:7      | Found a shadowy altar of Dithmenos.
  5593 | D:7      | Found an iron altar of Okawaru.
  5887 | D:7      | Reached skill level 12 in Axes
  5892 | D:6      | Succumbed to a killer bee's poison

Illustrated notes

Levels and vault maps discovered:
D:1:      kilobyte_arrival_exit_the_forest, layout_rooms
D:2:      layout_basic
D:3:      layout_rooms
D:4:      layout_gridville, cheibrodos_worm_habitat, minmay_temple_entry_wispy,
          ebering_ghost_reflecting_pool, minmay_misc_feat_doors, uniq_ijyb,
          uniq_crazy_yiuf_cottage, uniq_pikel
D:5:      layout_loops_cross, marbit_many_paths, st_stairs_9,
          minmay_misc_feat_columns
D:6:      lemuel_ice_spiral_2, layout_rooms, nicolae_houndstooth_variations,
          uniq_grinder
D:7:      layout_gridville, chequers_temple_overflow_statue_of_worship
Temple:   hellmonk_temple_divided_pantheon

Skill      XL: |  1  2  3  4  5  6  7  8  9 |
---------------+----------------------------+-----
Axes           | 4 5 6 8 9 10 12 | 12.0
Armour         | 3 4 |  4.6
Fighting       | 4 5 |  5.6
Dodging        | |  1.7

Action                     |  1- 3 |  4- 6 |  7- 9 || total
---------------------------+-------+-------+-------++-------
  Melee: Hand axe          |    63 |    76 |       ||   139
         Dagger            |    57 |   126 |   258 ||   441
         Mace              |       |    53 |       ||    53
         Unarmed           |       |    26 |       ||    26
         Whip              |       |       |   273 ||   273
 Invoke: Berserk           |       |       |     3 ||     3
  Evoke: Wand              |       |       |     3 ||     3
    Use: Scroll            |       |       |     8 ||     8
 Armour: Animal skin       |    16 |       |       ||    16
         Chain mail        |    39 |   120 |   265 ||   424
         Skin              |       |    11 |       ||    11
  Dodge: Dodged            |    36 |    91 |   116 ||   243

Table legend: (Time is in decaauts)
 A = Elapsed time spent in this place.
 B = Non-inter-level travel time spent in this place.
 C = Inter-level travel time spent in this place.
 D = Time resting spent in this place.
 E = Time spent auto-exploring this place.
 F = Levels seen in this place.
 G = Mean time per level.
                   A        B        C        D        E       F      G
               +--------+--------+--------+--------+--------+-----+--------+
         Total |   5913 |   5607 |    306 |    829 |   3748 |   8 |  739.1 |
       Dungeon |   5886 |   5595 |    291 |    829 |   3748 |   7 |  840.9 |
        Temple |     27 |     12 |     15 |      0 |      0 |   1 |   27.0 |
               +--------+--------+--------+--------+--------+-----+--------+

Top non-repeatable levels by time:
     D:5: 1405 daAuts
     D:4: 1103 daAuts
     D:6: 884 daAuts
     D:2: 760 daAuts
     D:1: 738 daAuts
     D:3: 563 daAuts
     D:7: 430 daAuts
  Temple: 27 daAuts
